 Dungeon Crawl Stone Soup version 0.23-a0-690-g0a1fc62 (webtiles) character file.

70 galech the Skirmisher (level 4, 35/35 HPs)
             Began as a Demonspawn Fighter on Jan 11, 2019.
             Quit the game on level 2 of the Dungeon.
             The game lasted 00:01:50 (2373 turns).

galech the Skirmisher (Demonspawn Fighter)          Turns: 2373, Time: 00:01:51

Health: 35/35      AC:  9    Str: 16    XL:     4   Next: 4%
Magic:  4/4        EV:  7    Int: 13    God:
Gold:   117        SH:  9    Dex: 14    Spells: 3/3 levels left

rFire    . . .     SeeInvis .   a - +0 war axe
rCold    . . .     Gourm    .   c - +0 shield
rNeg     . . .     Faith    .   b - +0 scale mail
rPois    .         Spirit   .   (no helmet)
rElec    .         Reflect  .   (no cloak)
rCorr    .         Harm     .   g - +0 pair of gloves
MR       .....                  q - +0 pair of boots (curse)
Stlth    ..........             (no amulet)
HPRegen  0.11/turn              n - +4 ring of intelligence
MPRegen  0.09/turn              (no ring)

@: no status effects
A: spiny 1, sanguine armour 1
a: no special abilities


You were on level 2 of the Dungeon.
You were not hungry.

You visited 1 branch of the dungeon, and saw 2 of its levels.

You collected 117 gold pieces.

Inventory:

Hand Weapons
 a - a +0 war axe (weapon)
Armour
 b - a +0 scale mail (worn)
 c - a +0 shield (worn)
 g - a +0 pair of gloves (worn)
 q - a cursed +0 pair of boots (worn)
Jewellery
 n - a +4 ring of intelligence (left hand)
 v - a +5 ring of slaying {unknown}
Scrolls
 h - a scroll of blinking {unknown}
 l - a scroll of remove curse {unknown}
 o - 5 scrolls of identify {unknown}
 p - 3 scrolls of teleportation {unknown}
 r - a scroll of fear {unknown}
Potions
 d - a potion of might
 e - a potion of lignification {unknown}
 i - 2 potions of curing {unknown}
 j - a potion of berserk rage {unknown}
 k - a potion of flight {unknown}
 m - 2 potions of ambrosia {unknown}
 s - a potion of mutation {unknown}
 t - 2 potions of heal wounds {unknown}
Comestibles
 f - 3 rations
 u - 2 chunks of flesh


   Skills:
 + Level 3.2 Fighting
 + Level 2.9 Axes
 + Level 3.1 Armour
 + Level 1.0 Dodging
 + Level 0.3 Stealth
 + Level 2.8 Shields


You had 3 spell levels left.
You didn't know any spells.
Your spell library was empty.

Dungeon Overview and Level Annotations

Branches:
Dungeon (2/15)

Altars:
Gozag
Kikubaaqudgha
Ru
Vehumet
Xom


Innate Abilities, Weirdness & Mutations

You are partially covered in sharp spines.
When seriously injured, your bleeding wounds create armour. (AC +0)


Message History

Some of the chunks of flesh in your inventory have rotted away.
Your blood armour dries and flakes away.
You start resting.
HP restored.
A hobgoblin comes into view. It is wielding a +0 club.
The hobgoblin shouts!
The hobgoblin moves out of view.
The hobgoblin is too close now for your liking.
You hit the hobgoblin.
The hobgoblin is moderately wounded.
The hobgoblin is struck by your spines. The hobgoblin closely misses you.
You hit the hobgoblin but do no damage.
The hobgoblin is heavily wounded.
The hobgoblin hits you but does no damage.
You hit the hobgoblin.
You kill the hobgoblin!
No target in view!
No target in view!
No target in view!
Are you sure you want to abandon this character and quit the game? (Confirm with "yes".)

#.##.#_...##...#.##########
#.'..#...._##>............#
####.#_...######.##........
#.###.## #.##.####.##
#.###.# #.##.# #.## #..#..#
#.##.# #.##
##...########.##.# #.##
##.###...รท...##.# #.## #_#
#@########.# #.## ### #)#
#.# #... #.# #### #.. #.#
#.# ###


There were no monsters in sight!

Vanquished Creatures
  2 adders (D:2)
  2 worms (D:2)
  A dart slug (D:1)
  A leopard gecko (D:1)
  7 giant cockroaches
  5 goblins
  5 hobgoblins
  2 jackals (D:1)
  3 kobolds
  5 bats
  2 frilled lizards (D:1)
  5 rats
40 creatures vanquished.

Notes
Turn   | Place    | Note
-------+----------+-------------------------------------------
     0 | D:1      | galech the Demonspawn Fighter began the quest for the Orb.
     0 | D:1      | Reached XP level 1. HP: 18/18 MP: 1/1
   507 | D:1      | Gained mutation: When seriously injured, your bleeding
                  | wounds create armour. (AC +0) [demonic ancestry]
   507 | D:1      | Reached XP level 2. HP: 23/24 MP: 2/2
  1355 | D:2      | Reached XP level 3. HP: 26/29 MP: 3/3
  2101 | D:2      | Found an ancient bone altar of Kikubaaqudgha.
  2101 | D:2      | Found a radiant altar of Vehumet.
  2106 | D:2      | Found an opulent altar of Gozag.
  2108 | D:2      | Found a shimmering altar of Xom.
  2109 | D:2      | Found a sacrificial altar of Ru.
  2171 | D:2      | Reached skill level 1 in Dodging
  2171 | D:2      | Gained mutation: You are partially covered in sharp spines.
                  | [demonic ancestry]
  2171 | D:2      | Reached XP level 4. HP: 20/35 MP: 4/4
  2373 | D:2      | Quit the game

Vault maps used:
D:1:      dpeg_arrival_signposts
D:2:      chequers_temple_overflow_minitemple

Skill      XL: |  1  2  3 |
---------------+----------+-----
Axes           | 2 |  2.9
Armour         | 3 |  3.1
Dodging        | 1 |  1.0
Fighting       | |  3.2
Stealth        | |  0.3
Shields        | |  2.8

Action                   |  1- 3 |  4- 6 || total
-------------------------+-------+-------++-------
Melee: War axe           |   159 |     3 ||   162
  Eat: Chunk             |     4 |     1 ||     5
Armor: Scale mail        |    75 |       ||    75
Dodge: Dodged            |    41 |     1 ||    42
Block: Shield            |    85 |       ||    85

Table legend:
 A = Non-vault XP
 B = Vault XP
 C = Vault XP percentage of total XP
 D = Non-vault monster count
 E = Vault monster count
 F = Vault count percentage of total count
                 A         B        C        D         E       F
            +---------+---------+-------+---------+---------+-------
      Total |     101 |       0 |   0.0 |      40 |       0 |   0.0
            +---------+---------+-------+---------+---------+-------
        D:1 |      35 |       0 |   0.0 |      19 |       0 |   0.0
        D:2 |      66 |       0 |   0.0 |      21 |       0 |   0.0
            +---------+---------+-------+---------+---------+-------
